AoeStats
← bullseyes

Nomad

505854641Analyzed
4v4 RM · 22d ago on Sep 11, 2026· 26m 29s· 8 players
Game mode
Random Map
Map size
231×231
Population
200
Speed
Normal
Resources
Standard
Victory
Conquest
Starting age
Dark Age
Ending age
Imperial Age
RankedLock teamsTeams togetherTeam positionsShared explorationLock speedFull tech treeHidden civsTurbo modeCheats
Victory
Defeat
🇬🇧 Spanish · United Kingdom
1635
+13
🇧🇪 Vikings · Belgium
1591
+14
🇫🇷 Romans · France
1574
+15
🇺🇸 Koreans · United States
1563
+16
🇨🇳 Wei · China
1615
-17
🇯🇵 Italians · Japan
1543
-14
🇨🇳 Dravidians · China
1541
-14
🇦🇷 Spanish · Argentina
1522
-13
boo
4:10 Loom
14:21 Feudal Age
18:48 Castle Age
16:58 Double-Bit Axe
17:44 Fishing Lines
19:50 Bow Saw
19:50 Gillnets
21:24 Wheelbarrow
24:03 Hand Cart
23:38 Town Watch
26:50 Fletching
eS l Joe
10:10 Loom
12:30 Feudal Age
16:45 Castle Age
15:18 Double-Bit Axe
17:47 Bow Saw
25:04 Gold Mining
26:01 Town Watch
27:24 Gold Shaft Mining
26:33 Horse Collar
27:31 Wheelbarrow
JustAGecko
5:33 Loom
14:17 Feudal Age
18:10 Castle Age
19:57 Double-Bit Axe
bullseyes
3:34 Loom
14:48 Feudal Age
15:36 Town Watch
18:29 Castle Age
17:04 Double-Bit Axe
17:33 Fletching
18:31 Gold Mining
19:42 Bow Saw
22:10 Fishing Lines
26:39 Horse Collar
Ren
10:11 Loom
14:42 Feudal Age
18:27 Castle Age
17:28 Double-Bit Axe
17:46 Gold Mining
18:40 Fletching
19:21 Bow Saw
20:11 Town Watch
20:49 Bodkin Arrow
24:35 Horse Collar
Bz_青红
12:35 Feudal Age
16:12 Castle Age
15:06 Double-Bit Axe
15:41 Horse Collar
16:20 Loom
16:21 Town Watch
18:59 Bow Saw
war-f
4:36 Loom
12:12 Feudal Age
15:44 Castle Age
14:22 Double-Bit Axe
15:23 Town Watch
17:17 Medium Warships
BĂNG GIÁ PRO
12:44 Feudal Age
13:51 Loom
16:55 Castle Age
15:06 Fishing Lines
16:34 Double-Bit Axe
17:58 Bow Saw
26:10 Imperial Age
24:12 Horse Collar
24:42 Gillnets
26:02 Padded Archer Armor
26:04 Heavy Plow
27:10 Wheelbarrow
Connection lost

Rejoining the realm…

Still unreachable

The connection could not be restored.

Session expired

The server has moved on; the page needs a fresh start.